TOP OF THE 1ST |
California Angels batting - Pitching for Oakland Athletics : RHP Jalen Cobbins
|
Pitching: RHP Jalen Cobbins
|
|
Batting: LHB Rusty Ney
|
0-0: Called Strike 0-1: Ball 1-1: Swinging Strike 1-2: Strikes out looking
|
Batting: RHB Nick Dunn
|
0-0: Ball 1-0: Ball 2-0: Called Strike 2-1: Foul Ball, location: 2F 2-2: Foul Ball, location: 2F 2-2: Ball 3-2: Foul Ball, location: 2F 3-2: Foul Ball, location: 2F 3-2: Foul Ball, location: 2F 3-2: Base on Balls
|
Batting: RHB Alain Delhaye
|
0-0: Foul Ball, location: 2F 0-1: Ball 1-1: Ball 2-1: Swinging Strike 2-2: Ball 3-2: Strikes out looking Nick Dunn is caught stealing 2nd base 2-4 Batter strikes out.
|
Top of the 1st over - 0 runs, 0 hits, 0 errors, 0 left on base; California 0 - Oakland 0 |
BOTTOM OF THE 1ST |
Oakland Athletics batting - Pitching for California Angels : RHP Gus Morante
|
Pitching: RHP Gus Morante
|
|
Batting: SHB Moe Lester
|
0-0: Ground out 4-3 (Groundball, 4, EV 84.4 MPH)
|
Batting: RHB Muneo Kawachi
|
0-0: Foul Ball, location: 2F 0-1: Called Strike 0-2: Ball 1-2: Foul Ball, location: 2F 1-2: Ball 2-2: Ball 3-2: Strikes out swinging
|
Batting: LHB Joel Kunkler
|
0-0: Ball 1-0: Ball 2-0: Ball 3-0: Base on Balls
|
Batting: LHB Sakae Kasahara
|
0-0: Called Strike 0-1: Called Strike 0-2: Strikes out looking
|
Bottom of the 1st over - 0 runs, 0 hits, 0 errors, 1 left on base; California 0 - Oakland 0 |
TOP OF THE 2ND |
California Angels batting - Pitching for Oakland Athletics : RHP Jalen Cobbins
|
Batting: RHB Preston Deakyne
|
0-0: Foul Ball, location: 2F 0-1: Ball 1-1: Ball 2-1: Ball 3-1: Called Strike 3-2: Base on Balls
|
Batting: RHB Bjoern Waltersson
|
0-0: Ball 1-0: Foul Ball, location: 2F 1-1: Ball 2-1: Ball 3-1: Fly out, F8 (Line Drive, 78M, EV 98.1 MPH)
|
Batting: RHB Avery Maxwell
|
0-0: Ball 1-0: Ball 2-0: Swinging Strike 2-1: Ball Preston Deakyne steals 2nd base 3-1: Base on Balls
|
Batting: LHB Javier Trujillo
|
0-0: Called Strike Preston Deakyne steals 3rd base Avery Maxwell to second 0-1: Foul Ball, location: 2F 0-2: Strikes out swinging
|
Batting: RHB Mike Harkins
|
0-0: Swinging Strike 0-1: Swinging Strike 0-2: Strikes out swinging
|
Top of the 2nd over - 0 runs, 0 hits, 0 errors, 2 left on base; California 0 - Oakland 0 |
BOTTOM OF THE 2ND |
Oakland Athletics batting - Pitching for California Angels : RHP Gus Morante
|
Batting: SHB Quincy Bradford
|
0-0: Ball 1-0: Ground out 1-3 (Groundball, 13S, EV 68.8 MPH)
|
Batting: RHB Jason May
|
0-0: SINGLE (Line Drive, 89S, EV 92.5 MPH)
|
Batting: RHB Randy Shrewsbury
|
0-0: Fielders Choice at 2nd, 2-4 (Groundball, 15S, EV 62.5 MPH)
|
Batting: LHB Al Hernandez
|
0-0: Ball 1-0: Ball 2-0: Called Strike 2-1: Ball 3-1: Foul Ball, location: 2F 3-2: Strikes out swinging
|
Bottom of the 2nd over - 0 runs, 1 hit, 0 errors, 1 left on base; California 0 - Oakland 0 |
TOP OF THE 3RD |
California Angels batting - Pitching for Oakland Athletics : RHP Jalen Cobbins
|
Batting: RHB Luis Romero
|
0-0: Called Strike 0-1: Fly out, F9 (Flyball, 9D, EV 108.1 MPH)
|
Batting: LHB Rusty Ney
|
0-0: Called Strike 0-1: SINGLE (Groundball, 4MD, EV 105.6 MPH)
|
Batting: RHB Nick Dunn
|
0-0: Called Strike 0-1: Ball Rusty Ney steals 2nd base 1-1: Called Strike 1-2: Foul Ball, location: 2F 1-2: Fly out, F8 (Flyball, 89M, EV 92.5 MPH)
|
Batting: RHB Alain Delhaye
|
0-0: Ball 1-0: Ball 2-0: Ground out 5-3 (Groundball, 56, EV 103.1 MPH)
|
Top of the 3rd over - 0 runs, 1 hit, 0 errors, 1 left on base; California 0 - Oakland 0 |
BOTTOM OF THE 3RD |
Oakland Athletics batting - Pitching for California Angels : RHP Gus Morante
|
Batting: RHB Edwin Madrid
|
0-0: Ball 1-0: SINGLE (Flyball, 34D, EV 91.9 MPH)
|
Batting: SHB Moe Lester
|
0-0: Called Strike 0-1: Ball 1-1: Ball 2-1: Ball 3-1: Base on Balls Edwin Madrid to second
|
Batting: RHB Muneo Kawachi
|
0-0: Ball 1-0: SINGLE (Flyball, 8RS, EV 91.2 MPH) Edwin Madrid to third Moe Lester to second Runner from 3rd tries for Home, SAFE, throw by CF to home
|
Batting: LHB Joel Kunkler
|
0-0: Ball 1-0: Called Strike 1-1: Ball 2-1: Ball 3-1: Base on Balls Moe Lester to third Muneo Kawachi to second
|
Batting: LHB Sakae Kasahara
|
0-0: Fielders Choice at 2nd, 3-6 (Groundball, 3, EV 92.5 MPH) Moe Lester scores Muneo Kawachi to third
|
Batting: SHB Quincy Bradford
|
0-0: Ball 1-0: DOUBLE (Flyball, 89XD, EV 103.1 MPH) Muneo Kawachi scores Sakae Kasahara to third
|
Batting: RHB Jason May
|
0-0: Called Strike 0-1: Swinging Strike 0-2: Ball 1-2: Ball 2-2: Ball 3-2: Foul Ball, location: 2F 3-2: Ground out 5-3 (Groundball, 5, EV 86.9 MPH)
|
Batting: RHB Randy Shrewsbury
|
0-0: Called Strike 0-1: Swinging Strike 0-2: Ball 1-2: Foul Ball, location: 2F 1-2: Foul Ball, location: 2F 1-2: Strikes out swinging
|
Bottom of the 3rd over - 3 runs, 3 hits, 0 errors, 2 left on base; California 0 - Oakland 3 |
TOP OF THE 4TH |
California Angels batting - Pitching for Oakland Athletics : RHP Jalen Cobbins
|
Batting: RHB Preston Deakyne
|
0-0: Called Strike 0-1: Swinging Strike 0-2: Strikes out swinging
|
Batting: RHB Bjoern Waltersson
|
0-0: Ball 1-0: Ball 2-0: Ball 3-0: Called Strike 3-1: Foul Ball, location: 2F 3-2: Foul Ball, location: 2F 3-2: Strikes out swinging
|
Batting: RHB Avery Maxwell
|
0-0: Ball 1-0: Called Strike 1-1: Foul Ball, location: 2F 1-2: SINGLE (Groundball, 25, EV 70.0 MPH) (infield hit)
|
Batting: LHB Javier Trujillo
|
0-0: Ball 1-0: Ball 2-0: Ball 3-0: Base on Balls Avery Maxwell to second
|
Batting: RHB Mike Harkins
|
0-0: Foul Ball, location: 2F 0-1: Foul Ball, location: 2F 0-2: Fly out, F2 (Popup, 3SF, EV 80.0 MPH)
|
Top of the 4th over - 0 runs, 1 hit, 0 errors, 2 left on base; California 0 - Oakland 3 |
BOTTOM OF THE 4TH |
Oakland Athletics batting - Pitching for California Angels : RHP Gus Morante
|
Batting: LHB Al Hernandez
|
0-0: Called Strike 0-1: Ground out U3 (Groundball, 34, EV 91.2 MPH)
|
Batting: RHB Edwin Madrid
|
0-0: Fly out, F8 (Line Drive, 8RD, EV 90.6 MPH)
|
Batting: SHB Moe Lester
|
0-0: Ball 1-0: Called Strike 1-1: Ball 2-1: Ball 3-1: Ground out 3-1 (Groundball, 13, EV 86.2 MPH)
|
Bottom of the 4th over - 0 runs, 0 hits, 0 errors, 0 left on base; California 0 - Oakland 3 |
TOP OF THE 5TH |
California Angels batting - Pitching for Oakland Athletics : RHP Jalen Cobbins
|
Batting: RHB Luis Romero
|
0-0: Ball 1-0: Fly out, F7 (Line Drive, 7, EV 91.9 MPH)
|
Batting: LHB Rusty Ney
|
0-0: Swinging Strike 0-1: Ball 1-1: Ball 2-1: SINGLE (Line Drive, 7S, EV 89.4 MPH)
|
Batting: RHB Nick Dunn
|
0-0: Ball 1-0: Grounds into double play, 4-6-3 (Groundball, 34, EV 81.2 MPH)
|
Top of the 5th over - 0 runs, 1 hit, 0 errors, 0 left on base; California 0 - Oakland 3 |
BOTTOM OF THE 5TH |
Oakland Athletics batting - Pitching for California Angels : RHP Gus Morante
|
Batting: RHB Muneo Kawachi
|
0-0: Called Strike 0-1: Swinging Strike 0-2: Ball 1-2: SINGLE (Groundball, 6D, EV 102.5 MPH)
|
Batting: LHB Joel Kunkler
|
0-0: Fly out, F5 (Popup, 5S, EV 71.9 MPH)
|
Batting: LHB Sakae Kasahara
|
0-0: Ball 1-0: Ball 2-0: Foul Ball, location: 2F 2-1: Grounds into double play, 5-6-3 (Groundball, 6, EV 81.2 MPH)
|
Bottom of the 5th over - 0 runs, 1 hit, 0 errors, 0 left on base; California 0 - Oakland 3 |
TOP OF THE 6TH |
California Angels batting - Pitching for Oakland Athletics : RHP Jalen Cobbins
|
Batting: RHB Alain Delhaye
|
0-0: Ball 1-0: Ball 2-0: Called Strike 2-1: Foul Ball, location: 2F 2-2: Foul Ball, location: 2F 2-2: Ball 3-2: Foul Ball, location: 2F 3-2: TRIPLE (Flyball, 89XD, EV 93.8 MPH)
|
Batting: RHB Preston Deakyne
|
0-0: Ball 1-0: Foul Ball, location: 2F 1-1: Ball 2-1: Ball 3-1: Foul Ball, location: 2F 3-2: Foul Ball, location: 2F 3-2: Base on Balls
|
Batting: RHB Bjoern Waltersson
|
0-0: SINGLE (Groundball, 34D, EV 98.1 MPH) Alain Delhaye scores Preston Deakyne to second Runner from 2nd tries for 3rd, SAFE, throw by RF made at trailing runner, OUT! 9-6
|
Batting: RHB Avery Maxwell
|
0-0: Ball 1-0: Fly out, F6 (Line Drive, 6, EV 66.2 MPH)
|
Pitching: RHP George Rubio
|
|
Batting: LHB Javier Trujillo
|
0-0: Ball 1-0: Ball 2-0: Ball 3-0: Base on Balls
|
Batting: RHB Mike Harkins
|
0-0: Ball 1-0: Ball 2-0: Ball 3-0: Called Strike 3-1: Base on Balls Javier Trujillo to second
|
Batting: RHB Luis Romero
|
0-0: Ball 1-0: Ball 2-0: Ball 3-0: Called Strike 3-1: Base on Balls Preston Deakyne scores Javier Trujillo to third Mike Harkins to second
|
Batting: LHB Rusty Ney
|
0-0: Ball 1-0: Ball 2-0: Ball 3-0: Called Strike 3-1: Base on Balls Javier Trujillo scores Mike Harkins to third Luis Romero to second
|
Batting: RHB Nick Dunn
|
0-0: Called Strike 0-1: Swinging Strike 0-2: Ball 1-2: Strikes out looking
|
Top of the 6th over - 3 runs, 2 hits, 0 errors, 3 left on base; California 3 - Oakland 3 |
BOTTOM OF THE 6TH |
Oakland Athletics batting - Pitching for California Angels : RHP Gus Morante
|
Batting: SHB Quincy Bradford
|
0-0: Ball 1-0: Called Strike 1-1: Ground out 1-3 (Groundball, 34S, EV 76.9 MPH)
|
Batting: RHB Jason May
|
0-0: Ball 1-0: Ball 2-0: Called Strike 2-1: Ball 3-1: Base on Balls
|
Batting: RHB Randy Shrewsbury
|
0-0: Ball 1-0: Foul Ball, location: 2F 1-1: Ball 2-1: Foul Ball, location: 2F 2-2: Grounds into double play, 4-6-3 (Groundball, 4, EV 83.1 MPH)
|
Bottom of the 6th over - 0 runs, 0 hits, 0 errors, 0 left on base; California 3 - Oakland 3 |
TOP OF THE 7TH |
California Angels batting - Pitching for Oakland Athletics : RHP George Rubio
|
Batting: RHB Alain Delhaye
|
0-0: Foul Ball, location: 2F 0-1: Ball 1-1: Foul Ball, location: 2F 1-2: Strikes out looking
|
Batting: RHB Preston Deakyne
|
0-0: Foul Ball, location: 2F 0-1: Ball 1-1: Ball 2-1: Ball 3-1: Base on Balls
|
Batting: RHB Bjoern Waltersson
|
0-0: Ball 1-0: Ball 2-0: Grounds into double play, 4-6-3 (Groundball, 34S, EV 87.5 MPH)
|
Top of the 7th over - 0 runs, 0 hits, 0 errors, 0 left on base; California 3 - Oakland 3 |
BOTTOM OF THE 7TH |
Oakland Athletics batting - Pitching for California Angels : RHP Gus Morante
|
Batting: LHB Al Hernandez
|
0-0: Ball 1-0: Fly out, F9 (Flyball, 89M, EV 90.6 MPH)
|
Batting: RHB Edwin Madrid
|
0-0: Ball 1-0: Foul Ball, location: 2F 1-1: Ball 2-1: Ball 3-1: Base on Balls
|
Batting: SHB Moe Lester
|
0-0: Called Strike 0-1: Ground out 4-3 (Groundball, 4MS, EV 63.1 MPH) Edwin Madrid to second
|
Batting: RHB Muneo Kawachi
|
0-0: Swinging Strike 0-1: Foul Ball, location: 2F 0-2: Ball 1-2: Strikes out swinging
|
Bottom of the 7th over - 0 runs, 0 hits, 0 errors, 1 left on base; California 3 - Oakland 3 |
TOP OF THE 8TH |
California Angels batting - Pitching for Oakland Athletics : RHP George Rubio
|
Pitching: RHP Mike Pedigo
|
|
Batting: RHB Avery Maxwell
|
0-0: Ball 1-0: Swinging Strike 1-1: Foul Ball, location: 2F 1-2: Ball 2-2: Ball 3-2: SINGLE (Flyball, 3D, EV 93.1 MPH)
|
Batting: LHB Javier Trujillo
|
0-0: Ball 1-0: Fly out, F7 (Flyball, 7LM, EV 77.5 MPH)
|
Batting: RHB Mike Harkins
|
0-0: Called Strike 0-1: Ball 1-1: Ball 2-1: SINGLE (Groundball, 56D, EV 101.9 MPH) Avery Maxwell to second
|
Pinch Hitting: LHB Micah Miller
|
0-0: Ball 1-0: Swinging Strike 1-1: Ball 2-1: SINGLE (Line Drive, 6D, EV 101.9 MPH) Avery Maxwell to third Mike Harkins to second
|
Batting: LHB Rusty Ney
|
0-0: Ball 1-0: Grounds into double play, 1-2-3 (Groundball, 13S, EV 68.8 MPH)
|
Top of the 8th over - 0 runs, 3 hits, 0 errors, 2 left on base; California 3 - Oakland 3 |
BOTTOM OF THE 8TH |
Oakland Athletics batting - Pitching for California Angels : RHP Gus Morante
|
Pitching: RHP Dave Thomas
|
|
Now at 1B: Johnny Stables
|
|
Batting: LHB Joel Kunkler
|
0-0: Foul Ball, location: 2F 0-1: Ball 1-1: Ball 2-1: Ball 3-1: Base on Balls
|
Pitching: LHP Joel Campbell
|
|
Pinch Runner at 1st Garry Hash:
|
|
Batting: RHB Philip Jansen
|
0-0: Ball Garry Hash steals 2nd base 1-0: Ball 2-0: Called Strike 2-1: Called Strike 2-2: Foul Ball, location: 2F 2-2: Ball 3-2: Strikes out swinging
|
Batting: SHB Quincy Bradford
|
0-0: Ball 1-0: Foul Ball, location: 2F 1-1: Ground out 4-3 (Groundball, 4, EV 87.5 MPH) Garry Hash to third
|
Batting: RHB Jason May
|
0-0: 2-RUN HOME RUN (Flyball, 9D, EV 96.2 MPH), Distance : 394 ft
|
Batting: RHB Randy Shrewsbury
|
0-0: Called Strike 0-1: Ball 1-1: Ground out 6-3 (Groundball, 6, EV 95.0 MPH)
|
Bottom of the 8th over - 2 runs, 1 hit, 0 errors, 0 left on base; California 3 - Oakland 5 |
TOP OF THE 9TH |
California Angels batting - Pitching for Oakland Athletics : RHP Mike Pedigo
|
Now in RF: Robby Godwin
|
|
Batting: RHB Nick Dunn
|
0-0: Called Strike 0-1: Ball 1-1: Ball 2-1: Foul Ball, location: 2F 2-2: Ball 3-2: Base on Balls
|
Batting: RHB Alain Delhaye
|
0-0: Called Strike 0-1: Swinging Strike 0-2: Ball 1-2: Foul Ball, location: 2F 1-2: Fly out, F7 (Flyball, 7D, EV 101.2 MPH)
|
Batting: RHB Preston Deakyne
|
0-0: Ball 1-0: Swinging Strike 1-1: Fly out, F8 (Flyball, 8RM, EV 90.0 MPH)
|
Batting: RHB Bjoern Waltersson
|
0-0: Called Strike 0-1: Ball 1-1: Ball 2-1: Swinging Strike 2-2: Ball 3-2: Base on Balls Nick Dunn to second
|
Pitching: LHP Bobby Carroll
|
|
Batting: RHB Avery Maxwell
|
0-0: Ball 1-0: Swinging Strike 1-1: Foul Ball, location: 2F 1-2: SINGLE (Groundball, 4MD, EV 103.8 MPH) Nick Dunn to third Bjoern Waltersson to second
|
Batting: LHB Javier Trujillo
|
0-0: Swinging Strike 0-1: Called Strike 0-2: Ball 1-2: Ball 2-2: Strikes out swinging
|
Top of the 9th over - 0 runs, 1 hit, 0 errors, 3 left on base; California 3 - Oakland 5 |
|